Blues vs Flyers

Created - February-18-13 at 18:23

Goals
1 2 3 T
Blues 0 2 2 4
Flyers 1 0 1 2
Shots
1 2 3 T
Blues 5 7 7 19
Flyers 9 5 9 23

1st period

1. Flyers , Kevin Bieksa 8 (Kyle Okposo, Chris Pronger) at 10:50 (PP)

Penalties :
Nathan Gerbe (PHI) for Interference (Minor) at 0:21, Mark Fayne (STL) for Interference (Minor) at 2:29, Mark Streit (STL) for Interference (Minor) at 6:42, Mark Streit (STL) for High sticking (Minor) at 10:38

2nd period

2. Blues , Mark Fayne 2 (Brenden Morrow, Brad Boyes) at 14:35
3. Blues , Mark Fayne 3 (Jussi Jokinen, Alexander Radulov) at 17:59

Penalties :
Christopher Higgins (STL) for Holding (Minor) at 4:00, Kent Huskins (STL) for Cross-checking (Minor) at 7:39, Kevin Bieksa (PHI) for Hooking (Minor) at 11:49, Brenden Morrow (STL) for Hooking (Minor) at 11:49, Luke Schenn (PHI) for Tripping (Minor) at 12:05, Andreas Lilja (PHI) for Fighting (Major) at 18:55, Barret Jackman (STL) for Fighting (Major) at 18:55, Barret Jackman (STL) for instigated a fight (Game Misconduct) at 18:55, Philip Larsen (PHI) for Fighting (Major) at 18:55, Christopher Higgins (STL) for Fighting (Major) at 18:55, Kyle Okposo (PHI) for Elbowing (Minor) at 18:55, Alexander Radulov (STL) for Roughing (Minor) at 18:55, Nikolai Kulemin (PHI) for Roughing (Minor) at 18:55

3rd period

4. Blues , Todd Bertuzzi 9 (Kent Huskins, Yannick Weber) at 7:59
5. Flyers , Chris Pronger 7 (Mike Santorelli, John Madden) at 14:19
6. Blues , Steve Ott 10 (Mark Streit, Rick Nash) at 19:16 (Empty Net)

Penalties :
Chris Pronger (PHI) for Holding (Minor) at 11:19, Brian Lee (PHI) for Holding Stick (Minor) at 16:18, Todd Bertuzzi (STL) for Holding (Minor) at 16:18

Goalie Stats

Ondrej Pavelec (STL), 21 saves from 23 shots - (0.913), W, 23-24-6, 60:00 minutes
Devan Dubnyk (PHI), 15 saves from 18 shots - (0.833), L, 23-21-3, 59:45 minutes

Players Stats for Blues

Player Name              G  A  P  +/- PIM S  H  SB GA TA FO     MP     PP MP  PK MP  
------------------------------------------------------------------------------------
Alexander Radulov        0  1  1   1  2   2  0  0  0  0  5/10   20:57   1:58   4:29 
Andrei Markov            0  0  0   2  0   0  0  0  0  0  0/0     6:42   0:00   0:47 
Barret Jackman           0  0  0   0  17  1  0  0  0  0  0/0    14:48   1:05   3:18 
Brad Boyes               0  1  1   1  0   2  0  0  0  0  8/13   14:24   0:00   1:47 
Brenden Morrow           0  1  1   1  2   2  7  0  0  0  0/1    13:55   0:16   0:00 
Brent Burns              0  0  0   0  0   0  2  3  0  0  0/0    21:51   1:58   4:44 
Christopher Higgins      0  0  0   1  7   0  3  0  0  0  0/0    16:57   1:58   2:52 
Jerred Smithson          0  0  0   0  0   0  0  0  0  0  0/0     4:16   0:00   0:18 
Jussi Jokinen            0  1  1   1  0   2  0  0  0  0  8/22   14:10   1:58   0:00 
Kent Huskins             0  1  1   0  2   1  0  1  0  0  0/0     8:26   0:42   0:12 
Mark Fayne               2  0  2   3  2   2  0  1  0  0  0/0    14:58   0:29   0:00 
Mark Streit              0  1  1   1  4   0  0  1  0  0  0/0    23:50   2:16   2:35 
Rick Nash                0  1  1   1  0   2  0  0  0  0  3/5    20:19   2:16   0:00 
Ryan Getzlaf             0  0  0   1  0   0  2  1  0  0  17/24  28:24   2:16   4:11 
Sami Salo                0  0  0   0  0   0  0  2  0  0  0/0    21:47   1:58   4:40 
Steve Ott                1  0  1   1  0   2  3  0  0  0  3/6    21:03   2:00   2:39 
Todd Bertuzzi            1  0  1   1  2   3  1  0  0  0  0/1    11:25   0:00   0:00 
Yannick Weber            0  1  1   0  0   0  1  0  0  0  0/0     7:33   0:00   0:00 

Players Stats for Flyers

Player Name              G  A  P  +/- PIM S  H  SB GA TA FO     MP     PP MP  PK MP  
------------------------------------------------------------------------------------
Andreas Lilja            0  0  0   0  5   0  2  2  0  0  0/0    10:36   0:00   1:29 
Brian Lee                0  0  0  -1  2   0  1  2  0  0  0/0    18:57   1:14   0:58 
Chris Pronger            1  1  2  -2  2   2  0  1  0  0  0/0    24:35   4:19   2:14 
David Steckel            0  0  0   0  0   2  0  0  0  0  7/11    9:41   4:59   0:27 
Gabriel Bourque          0  0  0  -1  0   3  1  0  0  0  0/1     9:58   0:12   0:16 
John Madden              0  1  1   0  0   0  0  0  0  0  3/5    10:40   0:00   1:29 
Justin Williams          0  0  0  -2  0   1  2  0  0  0  2/5    20:07   3:09   0:55 
Kevin Bieksa             1  0  1  -2  2   1  1  1  0  0  0/0    25:07   4:17   2:09 
Kyle Okposo              0  1  1  -1  2   4  0  0  0  0  15/23  21:22   4:25   1:58 
Luke Schenn              0  0  0  -2  2   1  4  0  0  0  0/0    22:49   3:13   2:05 
Marc-Andre Bergeron      0  0  0  -1  0   4  2  0  0  0  3/6    25:15   2:57   4:11 
Mike Santorelli          0  1  1   0  0   1  1  0  0  0  0/2     9:11   0:00   0:00 
Nathan Gerbe             0  0  0  -2  2   0  1  0  0  0  5/16   13:14   0:00   0:00 
Niklas Hagman            0  0  0   0  0   0  0  0  0  0  0/0     4:49   0:34   0:00 
Nikolai Kulemin          0  0  0  -1  2   2  1  0  0  0  0/6    21:39   4:59   0:00 
Philip Larsen            0  0  0   1  5   1  0  0  0  0  0/0    16:58   3:13   2:59 
Ryan Ellis               0  0  0   0  0   0  0  0  0  0  0/0     0:52   0:00   0:00 
Steve Sullivan           0  0  0  -1  0   1  0  0  0  0  3/7    22:07   3:09   0:55 

3 Stars

1 - Mark Fayne (STL)
2 - Steve Ott (STL)
3 - Brenden Morrow (STL)

Power Play

Blues - 0 on 4 Attempt(s) - 0.00%
Flyers - 1 on 6 Attempt(s) - 16.67%

Penalty Kill

Blues - 5 on 6 Attempt(s) - 83.33% - Score 0 goal in Penalty Kill
Flyers - 4 on 4 Attempt(s) - 100.00% - Score 0 goal in Penalty Kill

Official

Referees : Darcy Burchell and Tom Kowal
Linesman : Brian Murphy and Greg Devorski

Game Notes

General Fight at 18:55 of 2nd period
Andreas Lilja and Barret Jackman fight to a draw at 18:55 of 2nd period
Barret Jackman ejected from game at 18:55 of 2nd period
Philip Larsen beats up Christopher Higgins at 18:55 of 2nd period
Steve Ott has scored in a empty net!

Finance

Level 1 -- Attendance: 2399 (36.91%) -- Ticket Income $599,750
Level 2 -- Attendance: 1425 (28.50%) -- Ticket Income $354,825
Level 3 -- Attendance: 892 (25.49%) -- Ticket Income $178,400
Level 4 -- Attendance: 511 (14.45%) -- Ticket Income $101,689
Luxury Box -- Attendance: 478 (47.80%) -- Ticket Income $215,100
Game was played at the Wells Fargo Center
Total Attendance: 5705 (29.20%)
Total Ticket Income: $1,449,764
Other Income: $217,465
Total Income: $1,667,229


% Time on Ice - Blues

Lines # - Real PCT - Wanted PCT - Time Play
Normal Forward
1 - 35% - 40% - 14:30
2 - 29% - 30% - 12:12
3 - 28% - 20% - 11:26
4 - 8% - 10% - 3:18
Normal Defense
1 - 37% - 40% - 15:27
2 - 30% - 30% - 12:31
3 - 14% - 20% - 5:55
4 - 18% - 10% - 7:33
PP Forward
1 - 54% - 60% - 2:16
2 - 46% - 40% - 1:58
PP Defense
1 - 54% - 60% - 2:16
2 - 46% - 40% - 1:58
PK Forward
1 - 67% - 60% - 5:29
2 - 33% - 40% - 2:39
PK Defense
1 - 42% - 60% - 3:24
2 - 58% - 40% - 4:44
PK3 Forward
1 - 0% - 60%
2 - 0% - 40%
PK3 Defense
1 - 0% - 60%
2 - 0% - 40%
44 Forward
1 - 72% - 60% - 4:18
2 - 28% - 40% - 1:39
44 Defense
1 - 56% - 60% - 3:19
2 - 44% - 40% - 2:38
Last Minute Offensive  - 0:00
Last Minute Defensive  - 0:15
Total
Forward - 60:00
Defense - 60:00

% Time on Ice - Flyers

Lines # - Real PCT - Wanted PCT - Time Play
Normal Forward
1 - 31% - 40% - 13:00
2 - 36% - 35% - 15:00
3 - 10% - 15% - 4:15
4 - 22% - 10% - 9:11
Normal Defense
1 - 33% - 45% - 13:50
2 - 33% - 40% - 13:41
3 - 33% - 15% - 13:34
4 - 1% - 0% - 0:21
PP Forward
1 - 39% - 60% - 3:09
2 - 61% - 40% - 4:59
PP Defense
1 - 60% - 67% - 4:55
2 - 40% - 33% - 3:13
PK Forward
1 - 78% - 60% - 3:19
2 - 22% - 40% - 0:55
PK Defense
1 - 48% - 60% - 2:03
2 - 52% - 40% - 2:11
PK3 Forward
1 - 74% - 60% - 1:16
2 - 26% - 40% - 0:27
PK3 Defense
1 - 53% - 60% - 0:55
2 - 47% - 40% - 0:48
44 Forward
1 - 91% - 60% - 3:51
2 - 9% - 40% - 0:23
44 Defense
1 - 54% - 60% - 2:17
2 - 46% - 40% - 1:57
Last Minute Offensive  - 0:15
Last Minute Defensive  - 0:00
Total
Forward - 60:00
Defense - 60:00

Play by Play

1st period


0:01 of 1st period - Ryan Getzlaf wins face-off versus Nathan Gerbe in neutral zone.
0:21 of 1st period - Minor Penalty to Nathan Gerbe for Interference.
0:22 of 1st period - Kyle Okposo wins face-off versus Jussi Jokinen in Flyers zone.
1:03 of 1st period - Shot by Alexander Radulov.
1:03 of 1st period - Stopped by Devan Dubnyk without a rebound.
1:04 of 1st period - Rick Nash wins face-off versus Kyle Okposo in Flyers zone.
2:29 of 1st period - Minor Penalty to Mark Fayne for Interference.
2:30 of 1st period - David Steckel wins face-off versus Alexander Radulov in Blues zone.
2:35 of 1st period - Shot by Luke Schenn.
2:35 of 1st period - Shot Misses the Net.
2:57 of 1st period - Shot by David Steckel.
2:57 of 1st period - Stopped by Ondrej Pavelec with a rebound.
4:08 of 1st period - Shot by Philip Larsen.
4:08 of 1st period - Stopped by Ondrej Pavelec with a rebound.
4:52 of 1st period - John Madden is hit by Todd Bertuzzi and loses puck.
5:02 of 1st period - Gabriel Bourque is hit by Brenden Morrow and loses puck.
5:35 of 1st period - Off-side.
5:36 of 1st period - Jussi Jokinen wins face-off versus Nathan Gerbe in neutral zone.
6:39 of 1st period - Icing by Barret Jackman.
6:40 of 1st period - David Steckel wins face-off versus Jussi Jokinen in Blues zone.
6:42 of 1st period - Minor Penalty to Mark Streit for Interference.
6:43 of 1st period - Ryan Getzlaf wins face-off versus Kyle Okposo in Blues zone.
7:18 of 1st period - Shot by Brian Lee.
7:18 of 1st period - Shot Blocked by Sami Salo.
7:20 of 1st period - Shot by David Steckel.
7:20 of 1st period - Stopped by Ondrej Pavelec without a rebound.
7:21 of 1st period - Alexander Radulov wins face-off versus Steve Sullivan in Blues zone.
7:30 of 1st period - Shot by Luke Schenn.
7:30 of 1st period - Stopped by Ondrej Pavelec without a rebound.
7:31 of 1st period - Steve Sullivan wins face-off versus Alexander Radulov in Blues zone.
8:00 of 1st period - Shot by Kevin Bieksa.
8:00 of 1st period - Shot Misses the Net.
8:30 of 1st period - Shot by Steve Ott.
8:30 of 1st period - Stopped by Devan Dubnyk without a rebound.
8:31 of 1st period - Alexander Radulov wins face-off versus David Steckel in Flyers zone.
8:35 of 1st period - Icing by Philip Larsen.
8:36 of 1st period - David Steckel wins face-off versus Alexander Radulov in Flyers zone.
8:40 of 1st period - Off-side.
8:41 of 1st period - Kyle Okposo wins face-off versus Steve Ott in neutral zone.
9:04 of 1st period - Shot by Steve Sullivan.
9:04 of 1st period - Shot Blocked by Brent Burns.
9:06 of 1st period - Shot by Nikolai Kulemin.
9:06 of 1st period - Stopped by Ondrej Pavelec without a rebound.
9:07 of 1st period - Ryan Getzlaf wins face-off versus Nathan Gerbe in Blues zone.
9:07 of 1st period - Ryan Getzlaf is hit by Justin Williams.
9:35 of 1st period - Shot by Justin Williams.
9:35 of 1st period - Stopped by Ondrej Pavelec without a rebound.
9:36 of 1st period - Steve Sullivan wins face-off versus Jussi Jokinen in Blues zone.
9:53 of 1st period - Shot by Kyle Okposo.
9:53 of 1st period - Shot Misses the Net.
9:57 of 1st period - Shot by Nikolai Kulemin.
9:57 of 1st period - Stopped by Ondrej Pavelec without a rebound.
9:58 of 1st period - Nathan Gerbe wins face-off versus Ryan Getzlaf in Blues zone.
10:22 of 1st period - Marc-Andre Bergeron is hit by Steve Ott and loses puck.
10:37 of 1st period - Shot by Justin Williams.
10:37 of 1st period - Shot Blocked by Mark Streit.
10:38 of 1st period - Minor Penalty to Mark Streit for High sticking.
10:39 of 1st period - David Steckel wins face-off versus Alexander Radulov in Blues zone.
10:50 of 1st period - Shot by Kevin Bieksa.
10:50 of 1st period - Goal by Kevin Bieksa - Blues : 0 - Flyers : 1.
10:51 of 1st period - Brad Boyes wins face-off versus Nikolai Kulemin in neutral zone.
11:09 of 1st period - Icing by Brad Boyes.
11:10 of 1st period - Brad Boyes wins face-off versus David Steckel in Blues zone.
11:42 of 1st period - Andreas Lilja is hit by Brenden Morrow and loses puck.
12:08 of 1st period - Philip Larsen is hit by Brent Burns and loses puck.
12:54 of 1st period - Icing by Mark Streit.
12:55 of 1st period - John Madden wins face-off versus Jussi Jokinen in Blues zone.
13:11 of 1st period - Shot by Jussi Jokinen.
13:11 of 1st period - Shot Misses the Net.
14:09 of 1st period - Shot by Brenden Morrow.
14:09 of 1st period - Stopped by Devan Dubnyk without a rebound.
14:10 of 1st period - Ryan Getzlaf wins face-off versus Nathan Gerbe in Flyers zone.
14:14 of 1st period - Icing by Justin Williams.
14:15 of 1st period - Nathan Gerbe wins face-off versus Ryan Getzlaf in Flyers zone.
14:43 of 1st period - Shot by Rick Nash.
14:43 of 1st period - Stopped by Devan Dubnyk without a rebound.
14:44 of 1st period - Kyle Okposo wins face-off versus Jussi Jokinen in Flyers zone.
15:09 of 1st period - Shot by Kyle Okposo.
15:09 of 1st period - Stopped by Ondrej Pavelec without a rebound.
15:10 of 1st period - Ryan Getzlaf wins face-off versus Mike Santorelli in Blues zone.
16:01 of 1st period - Chris Pronger is hit by Ryan Getzlaf and loses puck.
17:03 of 1st period - Shot by Alexander Radulov.
17:03 of 1st period - Shot Blocked by Andreas Lilja.
17:12 of 1st period - Icing by Philip Larsen.
17:13 of 1st period - Kyle Okposo wins face-off versus Brad Boyes in Flyers zone.
18:13 of 1st period - Mark Streit is hit by Brian Lee and loses puck.
19:33 of 1st period - Shot by Brad Boyes.
19:33 of 1st period - Shot Misses the Net.
19:51 of 1st period - Shot by Brad Boyes.
19:51 of 1st period - Stopped by Devan Dubnyk without a rebound.
19:52 of 1st period - Jussi Jokinen wins face-off versus John Madden in Flyers zone.

2nd period


0:01 of 2nd period - Ryan Getzlaf wins face-off versus Kyle Okposo in neutral zone.
0:19 of 2nd period - Icing by Kyle Okposo.
0:20 of 2nd period - Kyle Okposo wins face-off versus Jussi Jokinen in Flyers zone.
0:20 of 2nd period - Chris Pronger is hit by Christopher Higgins and loses puck.
0:28 of 2nd period - Icing by Steve Sullivan.
0:29 of 2nd period - Ryan Getzlaf wins face-off versus Kyle Okposo in Flyers zone.
0:29 of 2nd period - Mark Streit is hit by Luke Schenn and loses puck.
1:11 of 2nd period - Icing by Chris Pronger.
1:12 of 2nd period - Kyle Okposo wins face-off versus Jussi Jokinen in Flyers zone.
2:41 of 2nd period - Icing by Kevin Bieksa.
2:42 of 2nd period - Ryan Getzlaf wins face-off versus Nathan Gerbe in Flyers zone.
3:04 of 2nd period - Rick Nash is hit by Andreas Lilja and loses puck.
3:56 of 2nd period - Icing by Chris Pronger.
3:57 of 2nd period - Marc-Andre Bergeron wins face-off versus Jussi Jokinen in Flyers zone.
3:57 of 2nd period - Marc-Andre Bergeron is hit by Christopher Higgins.
4:00 of 2nd period - Minor Penalty to Christopher Higgins for Holding.
4:01 of 2nd period - David Steckel wins face-off versus Alexander Radulov in Blues zone.
4:02 of 2nd period - Shot by Chris Pronger.
4:02 of 2nd period - Shot Misses the Net.
4:04 of 2nd period - Shot by Chris Pronger.
4:04 of 2nd period - Shot Blocked by Brent Burns.
5:11 of 2nd period - Shot by Philip Larsen.
5:11 of 2nd period - Shot Misses the Net.
5:15 of 2nd period - Shot by Philip Larsen.
5:15 of 2nd period - Shot Blocked by Ryan Getzlaf.
6:10 of 2nd period - Gabriel Bourque is hit by Yannick Weber and loses puck.
6:17 of 2nd period - Shot by Gabriel Bourque.
6:17 of 2nd period - Stopped by Ondrej Pavelec without a rebound.
6:18 of 2nd period - Nathan Gerbe wins face-off versus Ryan Getzlaf in Blues zone.
6:37 of 2nd period - Chris Pronger is hit by Ryan Getzlaf and loses puck.
7:39 of 2nd period - Minor Penalty to Kent Huskins for Cross-checking.
7:40 of 2nd period - Steve Ott wins face-off versus David Steckel in Blues zone.
8:01 of 2nd period - Shot by Kevin Bieksa.
8:01 of 2nd period - Deflect By Kyle Okposo.
8:01 of 2nd period - Stopped by Ondrej Pavelec with a rebound.
8:03 of 2nd period - Shot by Kyle Okposo.
8:03 of 2nd period - Shot Misses the Net.
8:05 of 2nd period - Shot by Kevin Bieksa.
8:05 of 2nd period - Shot Misses the Net.
8:34 of 2nd period - Shot by Marc-Andre Bergeron.
8:34 of 2nd period - Stopped by Ondrej Pavelec without a rebound.
8:35 of 2nd period - Alexander Radulov wins face-off versus Steve Sullivan in Blues zone.
9:02 of 2nd period - Barret Jackman is hit by Marc-Andre Bergeron and loses puck.
9:18 of 2nd period - Icing by Kyle Okposo.
9:19 of 2nd period - David Steckel wins face-off versus Steve Ott in Flyers zone.
9:19 of 2nd period - David Steckel is hit by Steve Ott.
9:22 of 2nd period - Icing by Chris Pronger.
9:23 of 2nd period - Kyle Okposo wins face-off versus Steve Ott in Flyers zone.
9:34 of 2nd period - Shot by Kyle Okposo.
9:34 of 2nd period - Shot Misses the Net.
9:36 of 2nd period - Shot by Chris Pronger.
9:36 of 2nd period - Stopped by Ondrej Pavelec with a rebound.
9:38 of 2nd period - Shot by Kyle Okposo.
9:38 of 2nd period - Stopped by Ondrej Pavelec without a rebound.
9:39 of 2nd period - Brad Boyes wins face-off versus Gabriel Bourque in Blues zone.
9:52 of 2nd period - Shot by Barret Jackman.
9:52 of 2nd period - Stopped by Devan Dubnyk without a rebound.
9:53 of 2nd period - Nathan Gerbe wins face-off versus Ryan Getzlaf in Flyers zone.
10:23 of 2nd period - Shot by Justin Williams.
10:23 of 2nd period - Shot Blocked by Sami Salo.
10:25 of 2nd period - Shot by Chris Pronger.
10:25 of 2nd period - Shot Misses the Net.
10:27 of 2nd period - Shot by Justin Williams.
10:27 of 2nd period - Shot Misses the Net.
10:57 of 2nd period - Off-side.
10:58 of 2nd period - Jussi Jokinen wins face-off versus John Madden in neutral zone.
10:58 of 2nd period - Jussi Jokinen is hit by Gabriel Bourque.
11:07 of 2nd period - Jussi Jokinen is hit by Andreas Lilja and loses puck.
11:22 of 2nd period - Shot by Jussi Jokinen.
11:22 of 2nd period - Shot Blocked by Andreas Lilja.
11:24 of 2nd period - Shot by Jussi Jokinen.
11:24 of 2nd period - Stopped by Devan Dubnyk without a rebound.
11:25 of 2nd period - Kyle Okposo wins face-off versus Brad Boyes in Flyers zone.
11:27 of 2nd period - Kevin Bieksa is hit by Brenden Morrow and loses puck.
11:49 of 2nd period - Minor Penalty to Kevin Bieksa for Hooking.
11:49 of 2nd period - Minor Penalty to Brenden Morrow for Hooking.
11:50 of 2nd period - Ryan Getzlaf wins face-off versus Nikolai Kulemin in Flyers zone.
11:56 of 2nd period - Icing by Philip Larsen.
11:57 of 2nd period - Alexander Radulov wins face-off versus Nikolai Kulemin in Flyers zone.
12:05 of 2nd period - Minor Penalty to Luke Schenn for Tripping.
12:06 of 2nd period - Ryan Getzlaf wins face-off versus Marc-Andre Bergeron in Flyers zone.
12:09 of 2nd period - Shot by Ryan Getzlaf.
12:09 of 2nd period - Deflect By Alexander Radulov.
12:09 of 2nd period - Shot Misses the Net.
12:21 of 2nd period - Ryan Getzlaf is hit by Marc-Andre Bergeron and loses puck.
14:24 of 2nd period - Todd Bertuzzi is hit by Luke Schenn and loses puck.
14:31 of 2nd period - Shot by Brad Boyes.
14:31 of 2nd period - Shot Misses the Net.
14:35 of 2nd period - Shot by Mark Fayne.
14:35 of 2nd period - Goal by Mark Fayne - Blues : 1 - Flyers : 1.
14:36 of 2nd period - John Madden wins face-off versus Jussi Jokinen in neutral zone.
15:17 of 2nd period - Icing by Christopher Higgins.
15:18 of 2nd period - Jussi Jokinen wins face-off versus Nathan Gerbe in Blues zone.
17:49 of 2nd period - Shot by Jussi Jokinen.
17:49 of 2nd period - Stopped by Devan Dubnyk with a rebound.
17:55 of 2nd period - Shot by Alexander Radulov.
17:55 of 2nd period - Stopped by Devan Dubnyk with a rebound.
17:57 of 2nd period - Shot by Jussi Jokinen.
17:57 of 2nd period - Shot Misses the Net.
17:59 of 2nd period - Shot by Mark Fayne.
17:59 of 2nd period - Goal by Mark Fayne - Blues : 2 - Flyers : 1.
18:00 of 2nd period - Ryan Getzlaf wins face-off versus David Steckel in neutral zone.
18:55 of 2nd period - Andreas Lilja and Barret Jackman fight to a draw.
18:55 of 2nd period - Penalty to Andreas Lilja for Fighting.
18:55 of 2nd period - Penalty to Barret Jackman for Fighting.
18:55 of 2nd period - Penalty to Barret Jackman for instigated a fight.
18:55 of 2nd period - Barret Jackman is ejected from game.
18:55 of 2nd period - Philip Larsen beats up Christopher Higgins.
18:55 of 2nd period - Penalty to Philip Larsen for Fighting.
18:55 of 2nd period - Penalty to Christopher Higgins for Fighting.
18:55 of 2nd period - Minor Penalty to Kyle Okposo for Elbowing.
18:55 of 2nd period - Minor Penalty to Alexander Radulov for Roughing.
18:55 of 2nd period - Minor Penalty to Nikolai Kulemin for Roughing.
18:56 of 2nd period - Justin Williams wins face-off versus Brenden Morrow in Flyers zone.
19:19 of 2nd period - Shot by Brad Boyes.
19:19 of 2nd period - Stopped by Devan Dubnyk without a rebound.
19:20 of 2nd period - Ryan Getzlaf wins face-off versus Justin Williams in Flyers zone.
19:28 of 2nd period - Kevin Bieksa is hit by Brent Burns and loses puck.
19:55 of 2nd period - Icing by Brent Burns.
19:56 of 2nd period - Marc-Andre Bergeron wins face-off versus Ryan Getzlaf in Blues zone.

3rd period


0:01 of 3rd period - Ryan Getzlaf wins face-off versus Justin Williams in neutral zone.
0:11 of 3rd period - Mark Streit is hit by Justin Williams and loses puck.
0:16 of 3rd period - Shot by Justin Williams.
0:16 of 3rd period - Shot Misses the Net.
1:35 of 3rd period - Shot by Alexander Radulov.
1:35 of 3rd period - Deflect By Brad Boyes.
1:35 of 3rd period - Shot Blocked by Brian Lee.
1:37 of 3rd period - Shot by Jussi Jokinen.
1:37 of 3rd period - Shot Misses the Net.
2:05 of 3rd period - Shot by Steve Ott.
2:05 of 3rd period - Deflect By Rick Nash.
2:05 of 3rd period - Stopped by Devan Dubnyk without a rebound.
2:06 of 3rd period - Brad Boyes wins face-off versus Kyle Okposo in Flyers zone.
2:12 of 3rd period - Icing by Chris Pronger.
2:13 of 3rd period - Jussi Jokinen wins face-off versus Kyle Okposo in Flyers zone.
2:50 of 3rd period - Icing by Mark Fayne.
2:51 of 3rd period - Jussi Jokinen wins face-off versus Nathan Gerbe in Blues zone.
2:51 of 3rd period - Jussi Jokinen is hit by Nathan Gerbe.
3:40 of 3rd period - Icing by Sami Salo.
3:41 of 3rd period - Ryan Getzlaf wins face-off versus Steve Sullivan in Blues zone.
3:41 of 3rd period - Rick Nash is hit by Nikolai Kulemin.
3:47 of 3rd period - Shot by Kyle Okposo.
3:47 of 3rd period - Stopped by Ondrej Pavelec without a rebound.
3:48 of 3rd period - Brad Boyes wins face-off versus Nikolai Kulemin in Blues zone.
3:53 of 3rd period - Chris Pronger is hit by Brenden Morrow and loses puck.
4:03 of 3rd period - Icing by Brian Lee.
4:04 of 3rd period - Kyle Okposo wins face-off versus Ryan Getzlaf in Flyers zone.
4:24 of 3rd period - Icing by Brian Lee.
4:25 of 3rd period - Kyle Okposo wins face-off versus Jussi Jokinen in Flyers zone.
4:32 of 3rd period - Shot by Steve Sullivan.
4:32 of 3rd period - Shot Hit the Post.
4:54 of 3rd period - Shot by Alexander Radulov.
4:54 of 3rd period - Shot Misses the Net.
4:56 of 3rd period - Shot by Christopher Higgins.
4:56 of 3rd period - Shot Misses the Net.
5:02 of 3rd period - Shot by Brent Burns.
5:02 of 3rd period - Shot Blocked by Brian Lee.
5:04 of 3rd period - Shot by Brent Burns.
5:04 of 3rd period - Shot Misses the Net.
5:06 of 3rd period - Shot by Alexander Radulov.
5:06 of 3rd period - Shot Blocked by Chris Pronger.
5:08 of 3rd period - Shot by Sami Salo.
5:08 of 3rd period - Shot Misses the Net.
5:35 of 3rd period - Shot by Marc-Andre Bergeron.
5:35 of 3rd period - Shot Misses the Net.
7:49 of 3rd period - Shot by Steve Sullivan.
7:49 of 3rd period - Stopped by Ondrej Pavelec without a rebound.
7:50 of 3rd period - Brad Boyes wins face-off versus Justin Williams in Blues zone.
7:59 of 3rd period - Shot by Todd Bertuzzi.
7:59 of 3rd period - Goal by Todd Bertuzzi - Blues : 3 - Flyers : 1.
8:00 of 3rd period - Steve Sullivan wins face-off versus Todd Bertuzzi in neutral zone.
8:02 of 3rd period - Off-side.
8:03 of 3rd period - Kyle Okposo wins face-off versus Brad Boyes in neutral zone.
8:21 of 3rd period - Brad Boyes is hit by Luke Schenn and loses puck.
9:06 of 3rd period - Shot by Marc-Andre Bergeron.
9:06 of 3rd period - Stopped by Ondrej Pavelec without a rebound.
9:07 of 3rd period - Jussi Jokinen wins face-off versus Nathan Gerbe in Blues zone.
9:15 of 3rd period - Icing by Brian Lee.
9:16 of 3rd period - Rick Nash wins face-off versus Nathan Gerbe in Flyers zone.
9:56 of 3rd period - Icing by Brian Lee.
9:57 of 3rd period - Jussi Jokinen wins face-off versus Nathan Gerbe in Flyers zone.
10:22 of 3rd period - Icing by Brent Burns.
10:23 of 3rd period - Kyle Okposo wins face-off versus Jussi Jokinen in Blues zone.
10:41 of 3rd period - Alexander Radulov is hit by Luke Schenn and loses puck.
11:19 of 3rd period - Minor Penalty to Chris Pronger for Holding.
11:20 of 3rd period - John Madden wins face-off versus Rick Nash in Flyers zone.
11:31 of 3rd period - Kevin Bieksa is hit by Steve Ott and loses puck.
11:39 of 3rd period - Icing by Steve Ott.
11:40 of 3rd period - Kyle Okposo wins face-off versus Rick Nash in Blues zone.
11:59 of 3rd period - Shot by Mark Streit.
11:59 of 3rd period - Shot Misses the Net.
12:01 of 3rd period - Shot by Kent Huskins.
12:01 of 3rd period - Stopped by Devan Dubnyk without a rebound.
12:02 of 3rd period - Justin Williams wins face-off versus Jussi Jokinen in Flyers zone.
12:02 of 3rd period - Justin Williams is hit by Christopher Higgins.
13:07 of 3rd period - Shot by Steve Ott.
13:07 of 3rd period - Shot Misses the Net.
13:23 of 3rd period - Shot by Todd Bertuzzi.
13:23 of 3rd period - Stopped by Devan Dubnyk without a rebound.
13:24 of 3rd period - Kyle Okposo wins face-off versus Brad Boyes in Flyers zone.
13:24 of 3rd period - Nikolai Kulemin is hit by Brenden Morrow and loses puck.
13:34 of 3rd period - Kevin Bieksa is hit by Brenden Morrow.
13:58 of 3rd period - Icing by Kent Huskins.
13:59 of 3rd period - Brad Boyes wins face-off versus Mike Santorelli in Blues zone.
13:59 of 3rd period - Brad Boyes is hit by Mike Santorelli.
14:09 of 3rd period - Shot by Gabriel Bourque.
14:09 of 3rd period - Shot Blocked by Kent Huskins.
14:17 of 3rd period - Shot by Mike Santorelli.
14:17 of 3rd period - Stopped by Ondrej Pavelec with a rebound.
14:19 of 3rd period - Shot by Chris Pronger.
14:19 of 3rd period - Goal by Chris Pronger - Blues : 3 - Flyers : 2.
14:20 of 3rd period - Ryan Getzlaf wins face-off versus Kyle Okposo in neutral zone.
15:10 of 3rd period - Shot by Justin Williams.
15:10 of 3rd period - Shot Blocked by Mark Fayne.
15:54 of 3rd period - Shot by Gabriel Bourque.
15:54 of 3rd period - Stopped by Ondrej Pavelec without a rebound.
15:55 of 3rd period - Brad Boyes wins face-off versus Kyle Okposo in Blues zone.
16:04 of 3rd period - Nikolai Kulemin is hit by Brenden Morrow and loses puck.
16:09 of 3rd period - Shot by Todd Bertuzzi.
16:09 of 3rd period - Stopped by Devan Dubnyk with a rebound.
16:18 of 3rd period - Minor Penalty to Brian Lee for Holding Stick.
16:18 of 3rd period - Minor Penalty to Todd Bertuzzi for Holding.
16:19 of 3rd period - Ryan Getzlaf wins face-off versus Steve Sullivan in Flyers zone.
17:07 of 3rd period - Icing by Brent Burns.
17:08 of 3rd period - Alexander Radulov wins face-off versus Marc-Andre Bergeron in Blues zone.
17:27 of 3rd period - Shot by Marc-Andre Bergeron.
17:27 of 3rd period - Stopped by Ondrej Pavelec without a rebound.
17:28 of 3rd period - Steve Ott wins face-off versus Nikolai Kulemin in Blues zone.
17:42 of 3rd period - Shot by Justin Williams.
17:42 of 3rd period - Shot Misses the Net.
17:50 of 3rd period - Icing by Philip Larsen.
17:51 of 3rd period - Steve Ott wins face-off versus Nikolai Kulemin in Flyers zone.
18:12 of 3rd period - Shot by Christopher Higgins.
18:12 of 3rd period - Shot Misses the Net.
18:14 of 3rd period - Shot by Mark Streit.
18:14 of 3rd period - Shot Blocked by Kevin Bieksa.
18:40 of 3rd period - Shot by Gabriel Bourque.
18:40 of 3rd period - Stopped by Ondrej Pavelec without a rebound.
18:41 of 3rd period - David Steckel wins face-off versus Jussi Jokinen in Blues zone.
18:55 of 3rd period - Icing by Brent Burns.
18:56 of 3rd period - Nathan Gerbe wins face-off versus Jussi Jokinen in Blues zone.
19:01 of 3rd period - Flyers, Devan Dubnyk is pulled from the net.
19:01 of 3rd period - Shot by Marc-Andre Bergeron.
19:01 of 3rd period - Stopped by Ondrej Pavelec without a rebound.
19:02 of 3rd period - Ryan Getzlaf wins face-off versus Nathan Gerbe in Blues zone.
19:02 of 3rd period - Ryan Getzlaf is hit by Kevin Bieksa.
19:08 of 3rd period - Shot by Rick Nash.
19:08 of 3rd period - Shot Misses the Net.
19:10 of 3rd period - Shot by Rick Nash.
19:10 of 3rd period - Shot Misses the Net.
19:14 of 3rd period - Shot by Mark Streit.
19:14 of 3rd period - Shot Misses the Net.
19:16 of 3rd period - Shot by Steve Ott.
19:16 of 3rd period - Goal by Steve Ott - Blues : 4 - Flyers : 2.
19:16 of 3rd period - Devan Dubnyk from Flyers was sent back in the game.
19:17 of 3rd period - Kyle Okposo wins face-off versus Brad Boyes in neutral zone.
19:27 of 3rd period - Shot by Kyle Okposo.
19:27 of 3rd period - Shot Blocked by Brent Burns.
19:39 of 3rd period - Shot by Brad Boyes.
19:39 of 3rd period - Deflect By Brenden Morrow.
19:39 of 3rd period - Stopped by Devan Dubnyk without a rebound.
19:40 of 3rd period - Marc-Andre Bergeron wins face-off versus Ryan Getzlaf in Flyers zone.
19:46 of 3rd period - Icing by Kevin Bieksa.
19:47 of 3rd period - Rick Nash wins face-off versus Marc-Andre Bergeron in Flyers zone.


Output by the SimonT Hockey Simulator (STHS) for Stephane Roy -- Original Page W3C XHTML 1.0 Valid
Hockey Simulator - Hockey Simulation - Hockey Manager